 Dungeon Crawl Stone Soup version 0.31-a0-667-g39726597b9 (console) character file.

Game seed: 13730877653001366906

350 jejorda2 the Chopper (level 6, -1/53 HPs)
             Began as a Gnoll Berserker on Sept 3, 2023.
             Was a Believer of Trog.
             Slain by an ufetubus (2 damage)
             ... on level 4 of the Dungeon.
             The game lasted 00:05:41 (2669 turns).

jejorda2 the Chopper (Gnoll Berserker)              Turns: 2669, Time: 00:05:42

Health: -1/53      AC: 12    Str: 18    XL:     6   Next: 60%
Magic:  3/3        EV:  7    Int: 10    God:    Trog [**....]
Gold:   155        SH:  0    Dex: 11    Spells: 9/9 levels left

rFire   . . .        a - +5 whip {antimagic, rElec Will+ Int+3 Stlth+}
rCold   . . .        (no shield)
rNeg    . . .        j - +0 plate armour
rPois   .            (helmet currently unavailable)
rElec   +            (cloak currently unavailable)
rCorr   .            (gloves currently unavailable)
SInv    .            (boots currently unavailable)
Will    +++..        (no amulet) Stlth
                     (no ring)
HPRegen 1.28/turn    (no ring)
MPRegen 0.08/turn

%: no passive effects
@: beast-form, strong-willed, regenerating
A: beast (slay +1), fangs 1, strong nose, distributed training
a: Begin Untransformation, Renounce Religion, Berserk, Trog's Hand


You were on level 4 of the Dungeon.
You worshipped Trog.
Trog was pleased with you.
You were a hulking beast.
You visited 1 branch of the dungeon, and saw 4 of its levels.

You collected 155 gold pieces.

Inventory:

Hand Weapons
 a - the +5 whip of Tuhu (weapon) {antimagic, rElec Will+ Int+3 Stlth+}
   (You found it on level 3 of the Dungeon)

   Int+3:     It affects your intelligence (+3).
   rElec:     It insulates you from electricity.
   Will+:     It increases your willpower.
   Stlth+:    It makes you more stealthy.
 b - a +0 hand axe
Missiles
 h - 8 boomerangs (quivered)
Armour
 i - a +0 helmet
 j - a +0 plate armour (worn)
Wands
 l - a wand of flame (21)
Scrolls
 c - 7 scrolls of identify {unknown}
 g - a scroll of immolation {unknown}
 k - a scroll of amnesia {unknown}
 n - a scroll of teleportation {unknown}
Potions
 d - 2 potions of lignification {unknown}
 e - a potion of curing {unknown}
 f - a potion of brilliance {unknown}
 m - a potion of degeneration {unknown}


   Skills:
 + Level 6.9 Fighting
 + Level 2.1 Short Blades
 + Level 2.1 Long Blades
 + Level 6.9 Axes
 + Level 2.1 Maces & Flails
 + Level 2.1 Polearms
 + Level 2.1 Staves
 + Level 2.1 Ranged Weapons
 + Level 2.1 Throwing
 + Level 5.0 Armour
 + Level 5.0 Dodging
 + Level 2.1 Stealth
 + Level 2.1 Shields
 + Level 2.1 Unarmed Combat
 + Level 2.1 Spellcasting
 + Level 1.6 Conjurations
 + Level 1.6 Hexes
 + Level 1.6 Summonings
 + Level 1.6 Necromancy
 + Level 1.6 Translocations
 + Level 1.6 Transmutations
 + Level 1.6 Fire Magic
 + Level 1.6 Ice Magic
 + Level 1.6 Air Magic
 + Level 1.6 Earth Magic
 + Level 1.6 Poison Magic
 + Level 2.3 Invocations
 + Level 2.1 Evocations
 + Level 1.9 Shapeshifting


You had 9 spell levels left.
You didn't know any spells.
Your spell library was empty.

Dungeon Overview and Level Annotations

Branches:
Dungeon (4/15)
 Temple: D:4-7

Altars:
Kikubaaqudgha
Uskayaw


Innate Abilities, Weirdness & Mutations

You are a hulking beast.
Your limbs bulge with bestial killing power. (Slay +1)
You have very sharp teeth.
Your uncanny sense of smell can sniff out nearby items.
Your experience applies equally to all skills.


Message History

An orc wizard and a worm come into view.
Found 2 scrolls labelled ESUF PYWOSEB.
The orc wizard shouts!
The orc wizard points at you and mumbles some strange words.
The puff of flame hits you.
An ufetubus comes into view.
An orc priest comes into view. It is wielding a +1 vampiric trident.
The orc priest shouts!
You hit the ufetubus.
The ufetubus is heavily wounded.
The ufetubus barely misses you. The ufetubus closely misses you.
The ufetubus barely misses you. x2
You whack the ufetubus!
You kill the ufetubus!
Trog accepts your kill.
The orc priest invokes the aid of Beogh against you.
Beogh smites you!
The orc wizard mumbles some strange words.
The orc wizard flickers and vanishes!
Deactivating autopickup; reactivate with Ctrl-A.
The orc priest invokes the aid of Beogh against you.
Beogh smites you! The ufetubus attacks as it pursues you!
The ufetubus barely misses you.
The ufetubus hits you but does no damage.
The ufetubus hits you but does no damage.
The ufetubus hits you. The ufetubus hits you.
* * * LOW HITPOINT WARNING * * *
The ufetubus hits you.
* * * LOW HITPOINT WARNING * * *
Your skin crawls.
You feel strong-willed. The ufetubus hits you.
* * * LOW HITPOINT WARNING * * *
The ufetubus hits you but does no damage.
The orc priest mumbles some strange prayers to Beogh against you.
Beogh smites you!
* * * LOW HITPOINT WARNING * * *
The ufetubus hits you.
You die...

.......# #.⌠.⌠.#
#..############.
#......# #.._..##...
#....... ##.....#
#.⌠.⌠.#...# #.######
#.....#
#.....#.#.#######.#
##.....#
#########.#.......#
.......#
#........#.#######∆
##.....####........#.#
##....#...<.....#...#
##.....##.####h#####
#######......# #5#
#.....†.>..#.# #.# #
#..........#.###.#.###.
#.......................
#.....[....####.#######.
#.........## #...#
#........## #.o...#
########## #.......#


You could see an orc priest and an ufetubus.

Vanquished Creatures
  An ogre (D:4)
  3 orc priests
  Jessica (D:3)
  An iguana (D:4)
  Robin (D:2)
  3 adders
  An ufetubus (D:4)
  A dart slug (D:1)
  8 orcs
  3 endoplasms
  A giant cockroach (D:1)
  12 hobgoblins
  4 jackals (D:2)
  4 quokkas
  5 bats
  2 frilled lizards (D:3)
  18 goblins
  4 kobolds
  4 rats
77 creatures vanquished.

Notes
Turn   | Place    | Note
-------+----------+-------------------------------------------
     0 | D:1      | jejorda2 the Gnoll Berserker began the quest for the Orb.
     0 | D:1      | Reached XP level 1. HP: 23/23 MP: 1/1
   400 | D:1      | Reached XP level 2. HP: 29/29 MP: 2/2
   827 | D:2      | Reached XP level 3. HP: 28/35 MP: 3/3
   974 | D:2      | Found an ancient bone altar of Kikubaaqudgha.
  1058 | D:2      | Found a faded altar of an unknown god.
  1063 | D:2      | Reached skill level 1 in Invocations
  1096 | D:2      | Noticed Robin
  1103 | D:2      | Reached ** piety under Trog
  1104 | D:2      | Reached skill level 1 in Short Blades
  1104 | D:2      | Reached skill level 1 in Long Blades
  1104 | D:2      | Reached skill level 1 in Maces & Flails
  1104 | D:2      | Reached skill level 1 in Polearms
  1104 | D:2      | Reached skill level 1 in Staves
  1104 | D:2      | Reached skill level 1 in Ranged Weapons
  1104 | D:2      | Reached skill level 1 in Throwing
  1104 | D:2      | Reached skill level 1 in Stealth
  1104 | D:2      | Reached skill level 1 in Shields
  1104 | D:2      | Reached skill level 1 in Unarmed Combat
  1104 | D:2      | Reached skill level 1 in Spellcasting
  1104 | D:2      | Reached skill level 1 in Evocations
  1115 | D:2      | Killed Robin
  1116 | D:2      | Reached skill level 1 in Shapeshifting
  1116 | D:2      | Reached XP level 4. HP: 11/41 MP: 5/5
  1561 | D:3      | Reached skill level 1 in Conjurations
  1561 | D:3      | Reached skill level 1 in Hexes
  1561 | D:3      | Reached skill level 1 in Summonings
  1561 | D:3      | Reached skill level 1 in Necromancy
  1561 | D:3      | Reached skill level 1 in Translocations
  1561 | D:3      | Reached skill level 1 in Transmutations
  1561 | D:3      | Reached skill level 1 in Fire Magic
  1561 | D:3      | Reached skill level 1 in Ice Magic
  1561 | D:3      | Reached skill level 1 in Air Magic
  1561 | D:3      | Reached skill level 1 in Earth Magic
  1561 | D:3      | Reached skill level 1 in Poison Magic
  1561 | D:3      | Reached XP level 5. HP: 47/47 MP: 5/7
  1777 | D:3      | Identified the +5 whip of Tuhu {antimagic, rElec Will+
                  | Int+3 Stlth+}
  1791 | D:3      | Noticed Jessica
  1796 | D:3      | Killed Jessica
  2207 | D:4      | Reached XP level 6. HP: 53/53 MP: 2/8
  2230 | D:4      | Reached skill level 5 in Armour
  2230 | D:4      | Reached skill level 5 in Dodging
  2336 | D:4      | Identified the +4 ring mail of the Curious Leylines {Contam
                  | Regen+ Dex+2}
  2454 | D:4      | Found a hide-covered altar of Uskayaw.
  2669 | D:4      | HP: 1/53 [orc priest/divine providence (15)]
  2669 | D:4      | Slain by an ufetubus

Illustrated notes

Levels and vault maps discovered:
D:1:      kennysheep_arrival_forest, layout_loops_cross
D:2:      layout_rooms, basic_altar, nicolae_ecumenical_oubliette,
          chequers_arboretum, uniq_robin
D:3:      layout_rooms, uniq_jessica
D:4:      layout_basic, kennysheep_little_box, nicolae_figureground_pulse

Skill      XL: |  1  2  3  4  5  6 |
---------------+-------------------+-----
Invocations    | 1 2 |  2.3
Short Blades   | 1 2 |  2.1
Long Blades    | 1 2 |  2.1
Maces & Flails | 1 2 |  2.1
Polearms       | 1 2 |  2.1
Staves         | 1 2 |  2.1
Ranged Weapons | 1 2 |  2.1
Throwing       | 1 2 |  2.1
Stealth        | 1 2 |  2.1
Shields        | 1 2 |  2.1
Unarmed Combat | 1 2 |  2.1
Spellcasting   | 1 2 |  2.1
Evocations     | 1 2 |  2.1
Shapeshifting  | 1 |  1.9
Conjurations   | 1 |  1.6
Hexes          | 1 |  1.6
Summonings     | 1 |  1.6
Necromancy     | 1 |  1.6
Translocations | 1 |  1.6
Transmutations | 1 |  1.6
Fire Magic     | 1 |  1.6
Ice Magic      | 1 |  1.6
Air Magic      | 1 |  1.6
Earth Magic    | 1 |  1.6
Poison Magic   | 1 |  1.6
Armour         | 5 |  5.0
Dodging        | 5 |  5.0
Fighting       | |  6.9
Axes           | |  6.9

Action                     |  1- 3 |  4- 6 || total
---------------------------+-------+-------++-------
  Melee: Hand axe          |   104 |    51 ||   155
         Bite              |     8 |     7 ||    15
         Punch             |     3 |     1 ||     4
         Whip              |       |    48 ||    48
 Invoke: Berserk           |     1 |     2 ||     3
         Trog's Hand       |       |     1 ||     1
   Stab: Sleeping          |     1 |       ||     1
 Armour: Animal skin       |    20 |       ||    20
         Ring mail         |    54 |     4 ||    58
         Plate armour      |       |    65 ||    65
  Dodge: Dodged            |    51 |    39 ||    90
   Form: Beast             |     1 |       ||     1

Table legend: (Time is in decaauts)
 A = Elapsed time spent in this place.
 B = Non-inter-level travel time spent in this place.
 C = Inter-level travel time spent in this place.
 D = Time resting spent in this place.
 E = Time spent auto-exploring this place.
 F = Levels seen in this place.
 G = Mean time per level.
                   A        B        C        D        E       F      G
               +--------+--------+--------+--------+--------+-----+--------+
         Total |   2694 |   2564 |    130 |    185 |   1869 |   4 |  673.5 |
       Dungeon |   2694 |   2564 |    130 |    185 |   1869 |   4 |  673.5 |
               +--------+--------+--------+--------+--------+-----+--------+

Top non-repeatable levels by time:
     D:1: 844 daAuts
     D:2: 715 daAuts
     D:3: 656 daAuts
     D:4: 478 daAuts
